Map: King's Cove LE

Players

Davejard - Winner!

  • Race: Protoss Protoss
  • League: Platinum
  • Spawn Location: 5:00

MiuGu

  • Race: Zerg Zerg
  • League: Platinum
  • Spawn Location: 11:00

VOD

Have the link to the VOD?

Description

Time

  • Played on: April 17, 2019, 10:47 a.m.
  • Length: 7:16
Show
View Real Time Build Order
Export as new Build Order

Davejard Protoss - Winner!

Build Orders: Cannon Rush 

Get SALT Encoding   

  1  0:00  Probe  
  12  0:05  Probe  
  14  0:15  Probe  
  15  0:22  Pylon  
  15  0:40  Probe, Forge  
  16  0:52  Probe  
  17  1:02  Probe  
  17  1:06  Pylon  
  17  1:10  Probe  
  19  1:18  Probe  
  20  1:25  Photon Cannon  
  20  1:27  Photon Cannon  
  20  1:36  Pylon  
  20  1:38  Probe  
  21  1:50  Probe  
  21  1:59  Photon Cannon  
  21  2:07  Photon Cannon  
  21  2:09  Probe  
  21  2:10  Photon Cannon  
  22  2:17  Probe  
  22  2:22  Pylon  
  23  2:27  Probe  
  24  2:33  Gateway  
  24  2:42  Gateway  
  24  2:49  Photon Cannon  
  24  2:51  Probe  
  25  3:03  Probe  
  26  3:06  Photon Cannon  
  26  3:14  Probe  
  26  3:15  Pylon  
  27  3:22  Probe  
  28  3:27  Nexus  
  28  3:30  Probe  
  29  3:35  Cybernetics Core  
  29  3:40  Assimilator  
  29  3:45  Assimilator  
  29  3:53  Photon Cannon  
  29  3:56  Probe  
  29  3:58  Zealot  
  32  4:09  Probe  
  33  4:21  Stalker  
  35  4:24  Assimilator  
  35  4:27  Assimilator  
  35  4:28  Pylon  
  35  4:30  Probe  
  36  4:42  Probe  
  36  4:44  Stalker  
  37  4:47  Probe  
  37  4:51  Pylon  
  38  4:54  Probe  
  38  4:56  Probe  
  40  5:02  Stargate  
  40  5:04  Probe  
  40  5:06  Probe  
  41  5:12  Probe  
  42  5:18  Probe  
  42  5:20  Probe  
  44  5:25  Stalker  
  44  5:26  Sentry  
  44  5:28  Probe  
  49  5:30  Probe  
  49  5:34  Pylon  
  51  5:40  Probe  
  51  5:42  Void Ray  
  52  5:43  Probe  
  57  6:05  Probe x2  
  57  6:10  Stalker  
  61  6:17  Probe x2, Void Ray  
  63  6:23  Pylon  
  63  6:29  Probe x2  
Show
View Real Time Build Order
Export as new Build Order

MiuGu Zerg 

Build Orders: Hatch First 

Get SALT Encoding   

  12  0:01  Drone  
  13  0:12  Overlord  
  13  0:18  Drone  
  14  0:32  Drone x2  
  16  0:53  Hatchery  
  16  0:57  Drone  
  16  1:07  Drone x2  
  18  1:17  Extractor  
  17  1:20  Spawning Pool  
  16  1:25  Drone  
  16  1:29  Drone  
  18  1:49  Drone x2  
  16  2:06  Queen  
  16  2:10  Zergling x4  
  16  2:11  Zergling x2  
  19  2:18  Drone  
  19  2:19  Drone  
  20  2:36  Roach Warren  
  19  2:46  Overlord  
  19  3:04  Zergling x6  
  22  3:12  Spine Crawler  
  22  3:15  Spine Crawler  
  20  3:21  Overlord  
  18  3:28  Roach  
  20  3:41  Roach x2  
  20  3:44  Roach  
  26  3:49  Roach  
  28  4:23  Zergling x2  
  29  4:27  Overlord x3  
  29  4:53  Spine Crawler  
  29  4:56  Drone  
  29  4:57  Drone x2  
  31  5:06  Ravager  
  32  5:24  Roach  
  34  5:33  Roach  
  36  5:37  Zergling x2  
  36  5:38  Zergling x8  
  41  6:00  Zergling x2  
  41  6:01  Zergling x2  
  43  6:11  Ravager  
  44  6:18  Zergling x6  
  47  6:28  Queen  
Tags
 
Add a new tag
Caveats
  • Supply blocks, unpowered buildings, or Contaminate may cause inaccurate times.
  • Supply counts are checked every 10 seconds.